 Dungeon Crawl Stone Soup version 0.26-a0-651-gb41185065b (webtiles) character file.

Game seed: 15904103401853490881

896 Flugslaktarn the Chopper (level 7, 0/67 HPs)
             Began as a Deep Dwarf Fighter on Oct 8, 2020.
             Was a Follower of Makhleb.
             Killed from afar by an electric eel (10 damage)
             ... with a bolt of electricity
             ... on level 6 of the Dungeon.
             The game lasted 00:01:44 (2162 turns).

Flugslaktarn the Chopper (Deep Dwarf Fighter)       Turns: 2162, Time: 00:01:45

Health: 0/67       AC: 13    Str: 21    XL:     7   Next: 78%
Magic:  7/7        EV:  5    Int:  9    God:    Makhleb [*.....]
Gold:   180        SH: 15    Dex: 12    Spells: 6/6 levels left

rFire    . . .     SeeInvis .   a - +0 war axe
rCold    + . .     Faith    .   c - +0 kite shield
rNeg     . . .     Spirit   .   o - +0 plate armour
rPois    .         Reflect  +   (no helmet)
rElec    .         Harm     .   f - +0 cloak
rCorr    .         Rampage  .   (no gloves)
MR       +....                  (no boots)
Stlth    ..........             l - amulet of reflection
HPRegen  0.00/turn              (no ring)
MPRegen  0.10/turn              (no ring)

@: non-regenerating
A: damage resistance, heal wounds, blink, cold resistance 1, sense surroundings
1, no regeneration
a: Heal Wounds, Blink, Renounce Religion


You were on level 6 of the Dungeon.
You worshipped Makhleb.
Makhleb was aware of your devotion.
You visited 2 branches of the dungeon, and saw 7 of its levels.

You collected 180 gold pieces.

Inventory:

Hand Weapons
 a - a +0 war axe (weapon)
Armour
 c - a +0 kite shield (worn)
 f - a +0 cloak (worn)
   (You found it on level 2 of the Dungeon)
 o - a +0 plate armour (worn)
   (You took it off an orc warrior on level 6 of the Dungeon)
Jewellery
 k - an uncursed amulet of the acrobat {unknown}
   (You found it on level 6 of the Dungeon)
 l - an amulet of reflection (around neck)
   (You found it on level 5 of the Dungeon)
Wands
 g - a wand of digging (7)
   (You found it on level 6 of the Dungeon)
 h - a wand of enslavement (7)
   (You found it on level 6 of the Dungeon)
Scrolls
 t - a scroll of teleportation
 x - 2 scrolls of remove curse
Potions
 b - a potion of stabbing {unknown}
 d - a potion of might
 e - 2 potions of flight {unknown}
 i - 2 potions of lignification {unknown}
 j - a potion of haste {unknown}
 m - a potion of brilliance {unknown}
 n - a potion of curing {unknown}


   Skills:
 * Level 5.1 Fighting
 * Level 5.7 Axes
 + Level 4.9 Armour
 + Level 1.9 Dodging
 - Level 4.4 Shields
 + Level 3.6 Invocations


You had 6 spell levels left.
You didn't know any spells.
Your spell library was empty.

Dungeon Overview and Level Annotations

Branches:
Dungeon (6/15)             Temple (1/1) D:4

Altars:
Ashenzari
Cheibriados
Dithmenos
Elyvilon
Fedhas
Gozag
Hepliaklqana
Kikubaaqudgha
Makhleb
Nemelex Xobeh
Okawaru
Qazlal
Ru
Sif Muna
Trog
Uskayaw
Vehumet
Wu Jian
Xom
Yredelemnul
Zin
The Shining One

Shops:
D:4 *


Innate Abilities, Weirdness & Mutations

You are resistant to damage.
You can heal yourself by infusing magical energy.
You passively map a small area around you.
You do not regenerate.
You can translocate small distances at will.
Your flesh is cold resistant. (rC+)


Message History

* * * LOW HITPOINT WARNING * * *
You are too injured to fight recklessly!
You are too injured to fight recklessly!
You are too injured to fight recklessly!
You are too injured to fight recklessly!
You are too injured to fight recklessly!
You are too injured to fight recklessly!
Your magical essence is drained by the effort!
You feel much better.
The electric eel shoots out a bolt of lightning at you!
The bolt of electricity hits you! x2
* * * LOW HITPOINT WARNING * * *
You are too injured to fight recklessly!
You hit the electric eel.
The electric eel is almost dead.
The electric eel shoots out a bolt of lightning at you!
The bolt of electricity hits you!
* * * LOW HITPOINT WARNING * * *
The bolt of electricity hits you!
You die...

**,,,,,,..*≈≈≈#*.......,,,,,,,*
**,,,,,,...##≈≈≈#.......,,,,,,**
*,,,,,,,...≈≈≈≈≈≈≈≈.....,,,,,**
**,,,,,,.....≈≈≈≈≈≈≈.....,,,,**
*,,,,,,,......≈P≈≈≈≈.≈...,,,,* #
*,,,,,,,......≈≈≈≈≈≈≈≈≈≈P,,,,####
,,,,,,,,,....?...≈≈≈≈≈≈≈.≈P......
,,,,,,,,,.......≈;P≈≈≈≈P≈P≈≈.≈≈..
,,,,,,,,,,.##..!@.≈≈≈≈≈≈≈≈P≈≈≈≈.≈
,,,,,,,,,,**##...≈≈≈≈≈≈≈≈≈≈≈≈≈≈≈≈
*,,,,,,,,** #.....≈..≈≈≈≈≈≈≈≈≈≈≈
***,,,**** ##.....P.≈P≈≈≈≈≈≈≈≈≈
,****** ###....≈....P.P≈≈≈≈ ,,*
##............≈.. *,** ***
#########......# ,,,****,***
#..##### ,*,,**,,,,** #.## #


You could see an electric eel.

Vanquished Creatures
  An orc warrior (D:6)
  2 ogres (D:5)
  2 ice beasts (D:6)
  A scorpion (D:5)
  An electric eel (D:6)
  2 bullfrog zombies (D:5)
  An orc priest (D:4)
  A hound (D:5)
  An iguana (D:5)
  3 orc wizards (D:4)
  4 adders
  A howler monkey skeleton (D:6)
  A white imp (D:5)
  A worm (D:5)
  A dart slug (D:1)
  2 leopard geckos (D:5)
  16 orcs
  2 ball pythons
  3 bats (D:1)
  A giant cockroach (D:2)
  2 goblins (D:1)
  3 hobgoblins
  5 jackals (D:1)
  A kobold (D:2)
  A quokka (D:4)
  A frilled lizard (D:1)
  2 rats
62 creatures vanquished.

Vanquished Creatures (others)
  An orc wizard (D:6)
  4 plants (D:6)
5 creatures vanquished.

Grand Total: 67 creatures vanquished

Notes
Turn   | Place    | Note
-------+----------+-------------------------------------------
     0 | D:1      | Flugslaktarn the Deep Dwarf Fighter began the quest for the
                  | Orb.
     0 | D:1      | Reached XP level 1. HP: 20/20 MP: 1/1
    72 | D:1      | Reached XP level 2. HP: 27/27 MP: 2/2
   306 | D:3      | Reached XP level 3. HP: 27/34 MP: 3/3
   399 | D:4      | Found a staircase to the Ecumenical Temple.
   416 | Temple   | Entered the Ecumenical Temple
   656 | Temple   | Became a worshipper of Makhleb the Destroyer
   693 | D:4      | Gained mutation: Your flesh is cold resistant. (rC+)
                  | [potion of mutation]
   693 | D:4      | Gained mutation: You can translocate small distances at
                  | will. [potion of mutation]
   720 | D:4      | Reached XP level 4. HP: 41/42 MP: 4/4
   756 | D:4      | Reached skill level 1 in Invocations
  1053 | D:4      | Reached XP level 5. HP: 34/50 MP: 5/5
  1112 | D:4      | Found Gozag's Platinum Reserve.
  1114 | D:4      | Found an opulent altar of Gozag.
  1326 | D:5      | Entered Level 5 of the Dungeon
  1556 | D:5      | Noticed an ogre
  1564 | D:5      | Killed an ogre
  1564 | D:5      | Reached * piety under Makhleb
  1564 | D:5      | Reached XP level 6. HP: 34/57 MP: 7/7
  1757 | D:5      | Reached XP level 7. HP: 37/66 MP: 7/9
  1869 | D:5      | Reached skill level 5 in Axes
  1921 | D:6      | Reached skill level 1 in Dodging
  1957 | D:6      | Found a radiant altar of Vehumet.
  1993 | D:6      | Reached skill level 5 in Fighting
  2162 | D:6      | Killed from afar by an electric eel

Illustrated notes

Levels and vault maps discovered:
D:1:      lightli_arrival_statue_moat, layout_loops_ring, st_stairs_10,
          minivault_23
D:2:      layout_loops_cross, uniq_terence
D:3:      layout_loops_cross, hangedman_decor_points
D:4:      layout_loops_ring, minmay_temple_entry_proselytizer,
          minmay_liquid_box, nicolae_gozag_zags_fifth_avenue
D:5:      layout_cave_pools
D:6:      layout_cave_pods, lemuel_doored_altar, grunt_decor_clamped,
          chequers_big_river, minmay_manual_mares, uniq_maggie
Temple:   nicolae_temple_the_god_donut

Skill      XL: |  1  2  3  4  5  6  7 |
---------------+----------------------+-----
Fighting       | 3 4 5 |  5.1
Axes           | 3 4 5 |  5.7
Invocations    | 1 2 3 |  3.6
Armour         | 4 |  4.9
Shields        | 4 |  4.4
Dodging        | 1 |  1.9

Action                   |  1- 3 |  4- 6 |  7- 9 || total
-------------------------+-------+-------+-------++-------
Melee: War axe           |    74 |   116 |    59 ||   249
 Abil: Heal Wounds       |     2 |     3 |     7 ||    12
  Use: Scroll            |     3 |       |     2 ||     5
       Potion            |     1 |       |       ||     1
Armor: Scale mail        |    38 |    18 |       ||    56
       Chain mail        |       |    39 |    14 ||    53
Dodge: Dodged            |    23 |    23 |    10 ||    56
Block: Kite shield       |    41 |    72 |    45 ||   158
       Reflection        |       |       |     1 ||     1

Table legend: (Time is in decaauts)
 A = Elapsed time spent in this place.
 B = Non-inter-level travel time spent in this place.
 C = Inter-level travel time spent in this place.
 D = Time resting spent in this place.
 E = Time spent auto-exploring this place.
 F = Levels seen in this place.
 G = Mean time per level.
                   A        B        C        D        E       F      G
               +--------+--------+--------+--------+--------+-----+--------+
         Total |   2257 |   2061 |    196 |      0 |   1468 |   7 |  322.4 |
       Dungeon |   1987 |   1822 |    165 |      0 |   1236 |   6 |  331.2 |
        Temple |    269 |    238 |     31 |      0 |    232 |   1 |  269.0 |
               +--------+--------+--------+--------+--------+-----+--------+

Top non-repeatable levels by time:
     D:4: 728 daAuts
     D:5: 603 daAuts
     D:6: 283 daAuts
  Temple: 269 daAuts
     D:1: 224 daAuts
     D:2: 84 daAuts
     D:3: 63 daAuts
